 Dungeon Crawl Stone Soup version 0.31-a0-986-g5e6e4ef867 (webtiles) character file.

Game seed: 16357661062389405231

38 foggymo the Chopper (level 3, -1/29 HPs)
             Began as a Human Berserker on Nov 4, 2023.
             Was a Believer of Trog.
             Slain by Grinder (6 damage)
             ... on level 3 of the Dungeon.
             The game lasted 00:13:01 (771 turns).

foggymo the Chopper (Human Berserker)                Turns: 771, Time: 00:13:02

Health: -1/29      AC:  2    Str: 25    XL:     3   Next: 65%
Magic:  3/3        EV: 12    Int:  7    God:    Trog [**....]
Gold:   43         SH:  0    Dex: 12    Spells: 2/2 levels left

rFire   . . .        i - +0 war axe
rCold   . . .        (no shield)
rNeg    . . .        b - +0 animal skin
rPois   .            (no helmet)
rElec   .            (no cloak)
rCorr   .            (no gloves)
SInv    .            (no boots)
Will    .....        (no amulet)
Stlth   +            e - +6 ring of strength
HPRegen 0.24/turn    (no ring)
MPRegen 0.08/turn

%: no passive effects
@: no status effects
A: no striking features
a: Renounce Religion, Berserk, Trog's Hand


You were on level 3 of the Dungeon.
You worshipped Trog.
Trog was pleased with you.
You visited 1 branch of the dungeon, and saw 3 of its levels.

You collected 43 gold pieces.

Inventory:

Hand Weapons
 a - a +0 hand axe
 g - a +0 club
 h - a +0 dagger
 i - a +0 war axe (weapon)
 j - a +0 dagger
 k - a +0 flail
 l - a +0 club
 n - a +0 dagger
 q - a +0 club
 v - a +0 short sword
Armour
 b - a +0 animal skin (worn)
 p - a +0 robe
Magical Staves
 t - a staff of fire
Jewellery
 e - a +6 ring of strength (left hand)
Talismans
 r - a beast talisman
Scrolls
 c - a scroll of silence {unknown}
 d - a scroll of fear {unknown}
 f - a scroll of revelation {unknown}
 u - a scroll of enchant weapon {unknown}
Potions
 m - 2 potions of haste {unknown}
 o - a potion of attraction {unknown}
 s - a potion of brilliance {unknown}


   Skills:
 + Level 3.5 Fighting
 + Level 3.7 Axes
 + Level 2.0 Armour
 + Level 2.2 Dodging


You had 2 spell levels left.
You didn't know any spells.
Your spell library was empty.

Dungeon Overview and Level Annotations

Branches:
Dungeon (3/15)

Altars:

Annotations:
D:3 Grinder


Message History

You now have 43 gold pieces (gained 11).
You open the door.
There is an open door here.
Found a scroll labelled BYIN VIENU.
u - a scroll labelled BYIN VIENU
There are no items here.
A kobold comes into view. It is wielding a +0 short sword.
The kobold shouts!
You hit the kobold.
The kobold is severely wounded.
The kobold hits you with a +0 short sword.
You closely miss the kobold.
The kobold is severely wounded.
The kobold misses you.
You closely miss the kobold.
The kobold is severely wounded.
The kobold hits you with a +0 short sword.
The kobold misses you.
You hit the kobold.
You kill the kobold!
Trog accepts your kill.
You see here a +0 short sword.
v - a +0 short sword You open the door.
Grinder comes into view.
Found a scroll labelled KUMUSELLUEZI and a blue potion.
Grinder shouts!
There is an open door here.
Grinder gestures at you.
You suddenly lose the ability to move!
Grinder hits you.
You can move again.
You closely miss Grinder. Grinder hits you.
You writhe in agony.
You slash Grinder!
Grinder is moderately wounded.
Grinder hits you.
You writhe in agony.
Grinder hits you.
* * * LOW HITPOINT WARNING * * *
You writhe in agony.
You die...
Grinder says, "Now the real fun starts!"

#.....#
#.###.#############
#.#................
#.#.#.#############
#.#.#.# # #.#.#.# #
#.#.#.# #
####'#...###
#######
#.?..@5....#
.......
#..........+
.######
#..........# #
#.........!# ###
#..........# #..
###########.. #.. .
#.. #.. #..


You could see Grinder.

Vanquished Creatures
  A worm (D:2)
  3 ball pythons
  A giant cockroach (D:3)
  5 goblins
  5 hobgoblins
  4 jackals (D:1)
  2 kobolds
  A quokka (D:2)
  2 bats (D:3)
  2 frilled lizards (D:1)
  5 rats
31 creatures vanquished.

Notes
Turn   | Place    | Note
-------+----------+-------------------------------------------
     0 | D:1      | foggymo the Human Berserker began the quest for the Orb.
     0 | D:1      | Reached XP level 1. HP: 18/18 MP: 1/1
    34 | D:1      | Reached XP level 2. HP: 8/24 MP: 2/2
   458 | D:2      | Reached ** piety under Trog
   459 | D:2      | Reached XP level 3. HP: 29/29 MP: 3/3
   764 | D:3      | Noticed Grinder
   765 | D:3      | Paralysed by Grinder for 5 turns
   771 | D:3      | Slain by Grinder

Illustrated notes

Levels and vault maps discovered:
D:1:      denvon_arrival_planthouse, layout_loops_cross
D:2:      layout_loops_cross
D:3:      layout_basic, uniq_crazy_yiuf_cottage, uniq_grinder

Action                     || total
---------------------------++-------
  Melee: Hand axe          ||    26
         Punch             ||     2
         War axe           ||    61
   Stab: Sleeping          ||     1
 Armour: Animal skin       ||    44
  Dodge: Dodged            ||    74

Table legend: (Time is in decaauts)
 A = Elapsed time spent in this place.
 B = Non-inter-level travel time spent in this place.
 C = Inter-level travel time spent in this place.
 D = Time resting spent in this place.
 E = Time spent auto-exploring this place.
 F = Levels seen in this place.
 G = Mean time per level.
                   A        B        C        D        E       F      G
               +--------+--------+--------+--------+--------+-----+--------+
         Total |    791 |    437 |    354 |    162 |      0 |   3 |  263.7 |
       Dungeon |    791 |    437 |    354 |    162 |      0 |   3 |  263.7 |
               +--------+--------+--------+--------+--------+-----+--------+

Top non-repeatable levels by time:
     D:1: 295 daAuts
     D:2: 290 daAuts
     D:3: 205 daAuts
